 Dungeon Crawl Stone Soup version 0.27-a0-1158-gaa87e14f67 (webtiles) character file.

Game seed: 15747143459092005189

219 sizableburger the Poker (level 5, -2/46 HPs)
             Began as a Draconian Warper on May 15, 2021.
             Slain by a gnoll
             ... wielding a +0 flail
              (11 damage)
             ... on level 1 of the Dungeon.
             The game lasted 00:07:49 (4251 turns).

sizableburger the Poker (Draconian Warper)          Turns: 4251, Time: 00:07:49

Health: -2/46      AC:  5    Str: 14    XL:     5   Next: 63%
Magic:  7/8        EV: 12    Int: 14    God:
Gold:   103        SH:  0    Dex: 10    Spells: 6/8 levels left

rFire    . . .     SeeInvis .   a - +1 spear
rCold    . . .     Faith    .   (no shield)
rNeg     . . .     Spirit   .   (armour unavailable)
rPois    .         Reflect  .   (helmet restricted)
rElec    .         Harm     .   (no cloak)
rCorr    .         Rampage  .   (no gloves)
Will     .....                  (no boots)
Stlth    +.........             (no amulet)
HPRegen  0.15/turn              (no ring)
MPRegen  0.11/turn              (no ring)

@: no status effects
A: AC +5, unfitting armour, cold-blooded
a: no special abilities


You were on level 1 of the Dungeon.
You visited 1 branch of the dungeon, and saw 4 of its levels.

You collected 103 gold pieces.

Inventory:

Hand Weapons
 a - a +1 spear (weapon)
Missiles
 d - 4 boomerangs of dispersal
 g - 3 boomerangs
 j - 15 poisoned darts (quivered)
 k - 70 stones
Wands
 n - a wand of digging (5)
Scrolls
 c - a scroll of blinking
Potions
 b - a potion of mutation


   Skills:
 - Level 4.0 Fighting
 + Level 4.5 Polearms
 - Level 0.8 Throwing
 - Level 2.4 Dodging
 - Level 2.0 Spellcasting
 - Level 3.5 Translocations


You had 6 spell levels left.
You knew the following spells:

 Your Spells              Type           Power      Damage    Failure   Level
a - Blink                 Tloc           N/A        N/A       9%          2

Your spell library contained the following spells:

 Spells                   Type           Power      Damage    Failure   Level
 Gell's Gravitas          Tloc           5%         N/A       17%         3
 Lesser Beckoning         Tloc           5%         N/A       17%         3
 Teleport Other           Tloc           11%        N/A       17%         3
 Manifold Assault         Tloc           11%        N/A       83%         5


Dungeon Overview and Level Annotations

Branches:
Dungeon (4/15)
 Temple: D:4-7

Altars:

Shops:
D:4 :


Innate Abilities, Weirdness & Mutations

Your plain brown scales are hard. (AC +5)
You cannot fit into any form of body armour.
You are cold-blooded and may be slowed by cold attacks.


Message History

Casting: Blink (safe; 9% risk of failure)
Confirm with . or Enter, or press ? or * to list all spells.
You blink.
As you read the scroll labelled RIVU VIVYFIMM, it crumbles to dust.
It is a scroll of enchant weapon.
Your +0 spear glows red for a moment.
As you read the scroll labelled GUOFOMUGREINUSH, it crumbles to dust.
It is a scroll of amnesia.
Really abort (and waste the scroll)?
Okay, then.
The gnoll completely misses you.
Okay, then.
Throw: 18 darts (poison)
Press: ? - help, Q - select action, (/) - cycle Shift-Dir - straight line, f - gnoll
Aim: a gnoll, wielding a +0 flail (fast, 61% to hit)
You throw a poisoned dart. The poisoned dart hits the gnoll.
The gnoll is poisoned.
The gnoll barely misses you. The gnoll misses you.
Throw: 17 darts (poison)
Press: ? - help, Q - select action, (/) - cycle Shift-Dir - straight line, f/p - gnoll
Aim: a gnoll, wielding a +0 flail (lightly wounded, fast, poisoned, 61% to hit)
You throw a poisoned dart.
The poisoned dart closely misses the gnoll.
The gnoll hits you with a +0 flail.
* * * LOW HITPOINT WARNING * * *
The gnoll hits you with a +0 flail.
* * * LOW HITPOINT WARNING * * *
The gnoll barely misses you. The gnoll closely misses you.
The gnoll looks more healthy.
Throw: 16 darts (poison)
Press: ? - help, Q - select action, (/) - cycle Shift-Dir - straight line, f/p - gnoll
Aim: a gnoll, wielding a +0 flail (heavily wounded, fast, 61% to hit)
You throw a poisoned dart. The poisoned dart hits the gnoll.
The gnoll is poisoned.
The gnoll is heavily wounded.
The gnoll barely misses you. The gnoll hits you with a +0 flail!
* * * LOW HITPOINT WARNING * * *
You feel better. The gnoll hits you with a +0 flail!
You die...

############# #...........#
#.#####.###.# #.### #.#
#.########### #.#.###.#
#..g@.......# ###....##.#
#.###.......#
........#.###.###.#####.#
###.............#.# #.#
#.#.###.###.#.#.# #.#
###.#####.###(#.#.#####.####
.....###.......#.....##....#
.##...........#.#.##.###.#.#
.###.###..#####)#.##.# #.#.#


You could see a gnoll (fast, poisoned).

Vanquished Creatures
  A scorpion (D:4)
  A hound (D:4)
  A gnoll shaman (D:1)
  An iguana (D:3)
  2 adders (D:2)
  2 gnolls
  A worm (D:2)
  2 dart slugs
  An orc (D:3)
  A bat (D:1)
  An endoplasm (D:2)
  3 giant cockroaches
  5 goblins
  2 hobgoblins (D:1)
  4 jackals (D:3)
  A quokka (D:3)
  2 ball pythons
  2 frilled lizards
  4 kobolds
  2 rats (D:1)
39 creatures vanquished.

Notes
Turn   | Place    | Note
-------+----------+-------------------------------------------
     0 | D:1      | sizableburger the Draconian Warper began the quest for the
                  | Orb.
     0 | D:1      | Reached XP level 1. HP: 17/17 MP: 3/3
   537 | D:1      | Found a faded altar of an unknown god.
   688 | D:1      | Reached XP level 2. HP: 15/25 MP: 5/5
  1025 | D:1      | Learned a level 2 spell: Blink
  1468 | D:2      | Reached XP level 3. HP: 31/31 MP: 6/6
  1998 | D:3      | Reached XP level 4. HP: 9/40 MP: 0/7
  3646 | D:4      | Found Xegiel's Book Shop.
  3676 | D:4      | Noticed a scorpion
  3702 | D:4      | Killed a scorpion
  3703 | D:4      | Reached XP level 5. HP: 9/46 MP: 8/8
  4250 | D:1      | HP: 2/46 [gnoll/+0 flail (8)]
  4251 | D:1      | Slain by a gnoll

Illustrated notes

Levels and vault maps discovered:
D:1:      minmay_arrival_shattered_statue, layout_loops_ring,
          basic_ecumenical_altar, minmay_tromino_v4_b
D:2:      layout_basic
D:3:      layout_basic, dk_noncrumbling_4, bh_walls_and_bars
D:4:      layout_basic, serial_shops, shop

Skill      XL: |  1  2  3  4 |
---------------+-------------+-----
Fighting       | 3 4 |  4.0
Polearms       | 3 4 |  4.5
Throwing       | |  0.8
Dodging        | |  2.4
Spellcasting   | |  2.0
Translocations | |  3.5

Action                   |  1- 3 |  4- 6 || total
-------------------------+-------+-------++-------
Melee: Spear             |   106 |   101 ||   207
       Tailslap          |    10 |     8 ||    18
Throw: Stone             |     2 |       ||     2
       Javelin           |     1 |     6 ||     7
       Boomerang         |       |     3 ||     3
       Dart              |       |     3 ||     3
 Cast: Blink             |     3 |     2 ||     5
  Use: Potion            |       |     8 ||     8
       Scroll            |       |     5 ||     5
 Stab: Sleeping          |     1 |       ||     1
Armor: Skin              |    19 |    14 ||    33
Dodge: Dodged            |    42 |    50 ||    92

Table legend: (Time is in decaauts)
 A = Elapsed time spent in this place.
 B = Non-inter-level travel time spent in this place.
 C = Inter-level travel time spent in this place.
 D = Time resting spent in this place.
 E = Time spent auto-exploring this place.
 F = Levels seen in this place.
 G = Mean time per level.
                   A        B        C        D        E       F      G
               +--------+--------+--------+--------+--------+-----+--------+
         Total |   4246 |   4106 |    140 |   1578 |   2016 |   4 | 1061.5 |
       Dungeon |   4246 |   4106 |    140 |   1578 |   2016 |   4 | 1061.5 |
               +--------+--------+--------+--------+--------+-----+--------+

Top non-repeatable levels by time:
     D:3: 1563 daAuts
     D:1: 1517 daAuts
     D:2: 662 daAuts
     D:4: 503 daAuts
